 Dungeon Crawl Stone Soup version 0.32-a0-612-g1c984fe9d1 (webtiles) character file.

Game seed: 9323893635071220401

11566 dialectric the Skirmisher (level 11, -1/84 HPs)
             Began as a Coglin Hunter on Mar 4, 2024.
             Slain by a komodo dragon (13 damage)
             ... on level 2 of the Lair of Beasts.
             The game lasted 00:36:48 (13729 turns).

dialectric the Skirmisher (Coglin Hunter)          Turns: 13729, Time: 00:36:48

Health: -1/84      AC:  8    Str: 11    XL:     11   Next: 79%
Magic:  0/23       EV: 17    Int:  9    God:
Gold:   313        SH:  0    Dex: 22    Spells: 14/20 levels left

rFire   . . .        a - +2 sling (heavy) {Hua}
rCold   . . .        u - +1 sling (flame) {Masataka}
rNeg    . . .        I - +5 moon troll leather armour {Spirit, Regen++ MP+5}
rPois   .            (no helmet)
rElec   .            (no cloak)
rCorr   .            (no gloves)
SInv    .            F - +0 pair of boots
Will    .....        (amulet unavailable)
Stlth   +++          (ring unavailable)
HPRegen 1.94/turn    (ring unavailable)
MPRegen 0.18/turn    (no gizmo)

%: guardian spirit
@: revved
A: off-hand wielding, slow wielding, warmup strikes, no jewellery, deformed body
a: Invent Gizmo


You were on level 2 of the Lair of Beasts.
You visited 4 branches of the dungeon, and saw 15 of its levels.

You collected 1016 gold pieces.
You spent 703 gold pieces at shops.

Inventory:

Hand Weapons
 a - a +2 heavy sling (weapon) {Hua}
 d - a +4 flail
 q - a +0 short sword of venom
 u - a +1 sling of flaming (offhand) {Masataka}
 w - a +0 flail of protection
 y - the +8 whip of Somewhere Else {freeze, Int+4}
   (You found it on level 5 of the Dungeon)

   Int+4:     It affects your intelligence (+4).
Missiles
 h - 27 poisoned darts (quivered)
 t - 4 javelins
Armour
 c - a +1 leather armour
 F - a +0 pair of boots (worn)
 I - the +5 moon troll leather armour (worn) {Spirit, Regen++ MP+5}
   (You bought it in a shop on level 3 of the Dungeon)

   MP+5:      It affects your magic capacity (+5).
   Regen++:   It increases your rate of health regeneration.
Talismans
 v - a beast talisman
Wands
 i - a wand of paralysis (1)
 z - a wand of polymorph (3)
Scrolls
 e - a scroll of silence
 j - a scroll of vulnerability
 l - a scroll of enchant armour
 p - a scroll of immolation
 C - a scroll of enchant weapon {unknown}
 D - a scroll of revelation {unknown}
 J - a scroll of fear {unknown}
Potions
 b - a potion of heal wounds {unknown}
 f - 3 potions of might
 g - 4 potions of curing
 k - a potion of cancellation {unknown}
 m - 2 potions of attraction
 n - a potion of ambrosia {unknown}
 o - a potion of lignification
 r - a potion of resistance {unknown}
 x - a potion of mutation {unknown}
 B - 4 potions of enlightenment
 E - 2 potions of brilliance {unknown}
 G - 3 potions of magic
 H - a potion of haste
Miscellaneous
 s - a phial of floods (inert)


   Skills:
 - Level 7.0 Fighting
 + Level 9.0 Ranged Weapons
 - Level 6.1 Armour
 + Level 7.4 Dodging
 - Level 5.2 Stealth
 + Level 5.0 Spellcasting
 - Level 4.0 Hexes
 + Level 3.3 Air Magic


You had 14 spell levels left.
You knew the following spells:

 Your Spells              Type           Power      Damage    Failure   Level
a - Tukima's Dance        Hex            9%         N/A       19%         3
b - Swiftness             Air            8%         N/A       24%         3

Your spell library contained the following spells:

 Spells                   Type           Power      Damage    Failure   Level
 Shock                    Conj/Air       20%        1d4       16%         1
 Inner Flame              Hex/Fire       5%         N/A       38%         3
 Cause Fear               Hex            4%         N/A       52%         4
 Airstrike                Air            4%         2d(1-17)  61%         4
 Anguish                  Hex/Necr       2%         N/A       80%         4
 Flame Wave               Conj/Fire      2%         2d4       97%         4
 Passage of Golubria      Tloc           2%         N/A       97%         4
 Sticky Flame             Fire/Alch      2%         2d4       97%         4
 Yara's Violent Unravell  Hex/Alch       2%         3d3       98%         5
 Enfeeble                 Hex            4%         N/A       100%        7


Dungeon Overview and Level Annotations

Branches:
Dungeon (11/15)            Temple (1/1) D:7            Lair (2/5) D:9
    Orc (1/2) D:9
  Swamp: Lair:2-3    Shoals: Lair:2-3     Snake: Lair:2-3    Spider: Lair:2-3

Altars:
Ashenzari
Cheibriados
Dithmenos
Elyvilon
Fedhas
Gozag
Hepliaklqana
Kikubaaqudgha
Makhleb
Nemelex Xobeh
Okawaru
Qazlal
Ru
Sif Muna
Trog
Uskayaw
Vehumet
Wu Jian
Xom
Yredelemnul
Zin
The Shining One

Shops:
D:3 [

Annotations:
D:9 1 runed translucent door, Nergalle


Innate Abilities, Weirdness & Mutations

You can wield a second weapon in your off-hand.
It takes a long time for you to wield or remove held weapons.
Your first few attacks do less damage.
You cannot equip rings or amulets.
Armour fits poorly on your strangely shaped body.


Message History

The wolf spider barely misses you. The wolf spider closely misses you.
The wolf spider barely misses you. The wolf spider misses you.
Unknown command.
You shoot a sling bullet.
The sling bullet barely misses the wolf spider.
You shoot a sling bullet.
The sling bullet closely misses the wolf spider.
The wolf spider hits you! The wolf spider barely misses you.
The wolf spider hits you.
The wolf spider bites you but does no damage.
The komodo dragon bites you!!
You shoot a sling bullet.
The sling bullet hits the wolf spider but does no damage.
The wolf spider is heavily wounded.
You shoot a sling bullet. The sling bullet hits the wolf spider!
The sling bullet burns the wolf spider.
The wolf spider is severely wounded.
The wolf spider hits you! The wolf spider bites you. The wolf spider hits you!!
The wolf spider bites you.
You are poisoned.
The wolf spider poisons you! The komodo dragon bites you!!
* * * LOW HITPOINT WARNING * * *
You are too injured to fight recklessly!
Unknown command.
You are too injured to fight recklessly!
Unknown command.
Unknown command.
You are too injured to fight recklessly!
Unknown command.
You are too injured to fight recklessly!
Unknown command.
Throw: 27 darts (poison)
Press: ? - help, Q - select action, (/) - cycle Shift-Dir - straight line, f - you, p - wolf spider
Okay, then.
You feel better. The wolf spider hits you.
* * * LOW HITPOINT WARNING * * *
The wolf spider bites you.
* * * LOW HITPOINT WARNING * * *
The komodo dragon bites you!
You die...

.......#.#.##....## #....
.....#..†.........P###.##.
.....#.....##.##..........
.........†.#.###...P#.....
............####...###P...
..#.##......###....####...
.P..÷....##..#...P# #...
....#sl.......[.## #...
...##.@.........####...
#...........#P.....
#..................
#..................
##P####P..##..#.### ###
##.######## ###


You could see a wolf spider and a komodo dragon.

Vanquished Creatures
  A two-headed ogre (D:10)
  Pikel (D:7)
  An orc sorcerer (Orc:1)
  A black mamba (Lair:2)
  Joseph (Lair:1)
  A cane toad (Lair:2)
  The ghost of dogverified the Changeling, a novice DrSh (D:4)
  A troll (D:10)
  A polar bear (Lair:1)
  A hornet (D:7)
  Prince Ribbit (D:5)
  Sigmund (D:2)
  4 wyverns
  6 yaks
  A warg (Orc:1)
  3 steam dragons
  A fire bat (D:9)
  Eustachio (D:4)
  6 water moccasins
  3 orc warriors
  A swamp drake (D:9)
  4 black bears
  3 ice beasts
  A sky beast (D:6)
  8 ogres
  A centaur (D:9)
  2 lemures
  2 phantoms
  3 kobold brigands
  14 bullfrogs
  3 gnoll sergeants
  A scorpion (D:9)
  3 wights (D:8)
  9 killer bees
  A bombardier beetle (D:5)
  5 hounds
  7 orc priests
  2 jellies
  A human skeleton (D:9)
  2 iguanas (D:5)
  9 orc wizards
  13 adders
  21 gnolls
  7 river rats (D:6)
  3 white imps
  2 dart slugs
  38 orcs
  6 bats
  10 endoplasms
  5 giant cockroaches
  9 hobgoblins
  9 jackals (D:1)
  13 quokkas
  11 ball pythons
  5 frilled lizards
  7 goblins
  18 kobolds
  25 rats
321 creatures vanquished.

Notes
Turn   | Place    | Note
-------+----------+-------------------------------------------
     0 | D:1      | dialectric the Coglin Hunter began the quest for the Orb.
     0 | D:1      | Reached XP level 1. HP: 16/16 MP: 1/1
    40 | D:1      | Reached skill level 1 in Stealth
    43 | D:1      | Reached XP level 2. HP: 22/22 MP: 2/2
   122 | D:1      | Reached XP level 3. HP: 28/28 MP: 3/3
   489 | D:2      | Reached skill level 4 in Ranged Weapons
   576 | D:2      | You fall into a shaft and drop 1 floor!
   600 | D:3      | Reached XP level 4. HP: 34/34 MP: 4/4
  1087 | D:3      | Reached XP level 5. HP: 41/41 MP: 5/5
  1335 | D:2      | Noticed Sigmund
  1439 | D:2      | Learned a level 3 spell: Tukima's Dance
  1919 | D:2      | Found a faded altar of an unknown god.
  2020 | D:2      | Killed Sigmund
  2021 | D:2      | Reached XP level 6. HP: 47/47 MP: 6/6
  2074 | D:3      | Found Vumpiass's Armour Shop.
  2365 | D:4      | Found a runed translucent door.
  2365 | D:4      | Noticed dogverified's ghost (novice DrSh)
  2507 | D:4      | Noticed Eustachio
  2516 | D:5      | Entered Level 5 of the Dungeon
  2623 | D:4      | Killed Eustachio
  2624 | D:4      | Reached XP level 7. HP: 53/53 MP: 7/7
  2848 | D:4      | Reached skill level 5 in Ranged Weapons
  3832 | D:5      | Reached skill level 5 in Dodging
  3832 | D:5      | Reached XP level 8. HP: 56/61 MP: 8/8
  3892 | D:5      | Found a shimmering blue altar of Sif Muna.
  3904 | D:5      | Found a burning altar of Makhleb.
  4045 | D:5      | Reached skill level 1 in Armour
  4207 | D:5      | Identified the +8 whip of Somewhere Else {freeze, Int+4}
  4237 | D:5      | Noticed Prince Ribbit
  4258 | D:5      | Killed Prince Ribbit
  4259 | D:5      | Reached skill level 5 in Fighting
  4446 | D:5      | Noticed a wyvern
  4453 | D:5      | Killed a wyvern
  4454 | D:5      | Reached skill level 1 in Spellcasting
  4729 | D:6      | Reached XP level 9. HP: 68/68 MP: 10/10
  5023 | D:6      | Found a sacrificial altar of Ru.
  5339 | D:6      | Reached skill level 6 in Ranged Weapons
  5523 | D:6      | Found a shadowy altar of Dithmenos.
  5575 | D:7      | Found a staircase to the Ecumenical Temple.
  5704 | D:7      | Found a blossoming altar of Fedhas.
  5706 | D:7      | Found a glowing golden altar of the Shining One.
  5758 | D:7      | Reached skill level 1 in Hexes
  5893 | D:7      | Reached skill level 5 in Stealth
  6195 | D:7      | Noticed a hornet
  6237 | Temple   | Entered the Ecumenical Temple
  6576 | D:7      | Noticed Pikel
  7132 | D:9      | Reached XP level 10. HP: 59/70 MP: 13/13
  7297 | D:9      | Reached skill level 7 in Ranged Weapons
  7727 | D:9      | Found a stormy altar of Qazlal.
  7799 | D:9      | Found a staircase to the Lair.
  8155 | D:10     | Entered Level 10 of the Dungeon
  9675 | D:9      | Found a staircase to the Orcish Mines.
  9704 | D:9      | Reached skill level 8 in Ranged Weapons
 10003 | D:3      | Bought the +5 moon troll leather armour {Spirit, Regen++
                  | MP+5} for 654 gold pieces
 10003 | D:3      | Found the +5 moon troll leather armour {Spirit, Regen++
                  | MP+5}
 10028 | D:3      | Learned a level 3 spell: Swiftness
 10226 | D:7      | Killed Pikel
 10227 | D:7      | Reached XP level 11. HP: 81/81 MP: 17/17
 10529 | D:9      | Found a runed translucent door.
 10537 | D:9      | Found a basalt altar of Yredelemnul.
 10677 | Lair:1   | Entered Level 1 of the Lair of Beasts
 10706 | Lair:1   | Noticed Joseph
 10733 | Lair:1   | Killed Joseph
 10734 | Lair:1   | Reached skill level 5 in Armour
 10734 | Lair:1   | Reached skill level 1 in Air Magic
 11531 | Lair:2   | Noticed a seven-headed hydra
 11672 | Orc:1    | Entered Level 1 of the Orcish Mines
 11672 | Orc:1    | Noticed Nergalle
 11795 | D:10     | Found a snail-covered altar of Cheibriados.
 12107 | D:3      | Bought a +0 pair of boots for 49 gold pieces
 12196 | D:4      | Killed dogverified's ghost
 12547 | D:10     | Found an iron altar of Okawaru.
 12557 | D:10     | Noticed a two-headed ogre
 12572 | D:10     | Killed a two-headed ogre
 12573 | D:10     | Reached skill level 5 in Spellcasting
 12837 | Orc:1    | Noticed an orc sorcerer
 12842 | Orc:1    | Killed an orc sorcerer
 12987 | Orc:1    | Noticed an orc sorcerer
 12996 | Orc:1    | Gained mutation: Armour fits poorly on your strangely
                  | shaped body. [a neqoxec]
 13247 | D:11     | Noticed a boulder beetle
 13615 | Lair:2   | Reached skill level 9 in Ranged Weapons
 13723 | Lair:2   | Noticed a wolf spider
 13729 | Lair:2   | Slain by a komodo dragon

Illustrated notes

Levels and vault maps discovered:
D:1:      lightli_arrival_flooded_house, layout_rooms
D:2:      minmay_razor_zed, layout_loops_ring,
          dilly_ecumenical_altar_fadedgnrine, uniq_crazy_yiuf_cottage,
          uniq_sigmund
D:3:      layout_loops_corners, serial_shops, shop
D:4:      layout_loops_corners, gammafunk_ghost_grave, minmay_cut_off,
          uniq_eustachio
D:5:      layout_basic, led_sif_book, mainiacjoe_overflow_small_starburst,
          uniq_prince_ribbit1
D:6:      lemuel_ratsnest, layout_cave_pools, kennysheep_little_box,
          lemuel_tele_altar
D:7:      layout_rooms, chequers_temple_overflow_statue_of_worship,
          minmay_temple_entry_overgrown, skrybe_limestone_x,
          grunt_decor_mini_mirrors, uniq_pikel
D:8:      layout_layer_cave
D:9:      cheibrodos_steamvent, layout_rooms, dk_yredelemnul_ordeal,
          nicolae_qazlal_style_of_elements, due_lair_maze_entry_diamond,
          erik_orc_1
D:10:     layout_cross, lemuel_round_altar,
          mainiacjoe_overflow_concentric_impassable
D:11:     layout_basic
Temple:   chequers_temple_sunken
Lair:1:   layout_gridlike, uniq_joseph
Lair:2:   minmay_lair_venomous_thicket, layout_chaotic_city,
          spider_nest_entry_rubble, beast_lair_carwin_8, grunt_megastairs_4,
          serial_bayou_shore_a
Orc:1:    layout_diamond_mine, uniq_nergalle

Skill      XL: |  1  2  3  4  5  6  7  8  9 10 11 |
---------------+----------------------------------+-----
Stealth        | 1 2 3 4 5 |  5.2
Dodging        | 2 3 4 5 6 7 |  7.4
Ranged Weapons | 4 5 6 8 9 |  9.0
Fighting       | 3 4 5 6 7 |  7.0
Armour         | 2 3 4 6 |  6.1
Spellcasting   | 1 2 4 5 |  5.0
Hexes          | 3 4 |  4.0
Air Magic      | 3 |  3.3

Action                     |  1- 3 |  4- 6 |  7- 9 | 10-12 || total
---------------------------+-------+-------+-------+-------++-------
  Melee: Sling             |       |       |       |     2 ||     2
   Fire: Sling             |   146 |   304 |   676 |   928 ||  2054
  Throw: Dart              |       |       |       |    36 ||    36
   Cast: Tukima's Dance    |       |       |       |     1 ||     1
  Evoke: Wand              |       |     2 |     5 |     8 ||    15
         Phial of floods   |       |       |       |     1 ||     1
    Use: Scroll            |       |     1 |     4 |    13 ||    18
         Potion            |       |       |     3 |     1 ||     4
 Armour: Leather armour    |     4 |    21 |    77 |    68 ||   170
         Skin              |       |       |    12 |       ||    12
         Troll leather arm |       |       |       |   179 ||   179
  Dodge: Dodged            |     7 |    33 |    96 |   317 ||   453

Table legend: (Time is in decaauts)
 A = Elapsed time spent in this place.
 B = Non-inter-level travel time spent in this place.
 C = Inter-level travel time spent in this place.
 D = Time resting spent in this place.
 E = Time spent auto-exploring this place.
 F = Levels seen in this place.
 G = Mean time per level.
                   A        B        C        D        E       F      G
               +--------+--------+--------+--------+--------+-----+--------+
         Total |  13938 |  12576 |   1362 |   1605 |   7322 |  15 |  929.2 |
       Dungeon |  12431 |  11257 |   1174 |   1570 |   6434 |  11 | 1130.1 |
        Temple |     56 |     30 |     26 |      0 |      0 |   1 |   56.0 |
          Lair |   1246 |   1086 |    160 |     35 |    782 |   2 |  623.0 |
  Orcish Mines |    204 |    204 |      0 |      0 |    106 |   1 |  204.0 |
               +--------+--------+--------+--------+--------+-----+--------+

Top non-repeatable levels by time:
     D:9: 2134 daAuts
     D:8: 1653 daAuts
     D:5: 1580 daAuts
     D:4: 1407 daAuts
     D:7: 1323 daAuts
     D:3: 1169 daAuts
     D:6: 1151 daAuts
  Lair:1: 984 daAuts
     D:2: 908 daAuts
    D:10: 586 daAuts
     D:1: 414 daAuts
  Lair:2: 261 daAuts
   Orc:1: 204 daAuts
    D:11: 99 daAuts
  Temple: 56 daAuts
